cohdb
Replays
Latest Replays
All Replays
Popular Replays
Top Player Replays
Match Explorer
How It Works
Community
CoH3 Stats
Reddit
Sign in to upload your games and track your stats! →
Sign in with Steam
Match 43853199
Unlisted
Match 43853199
Overview
Messages
Build Orders
End
Panzergrenadier Squad
Selects Panzerjäger Kommand Battlegroup
Selects Mine Fields
250 Light Carrier
250 Light Carrier
Construct Light Support Kompanie
MG34 Team
Combat Half-tracks
250 Light Carrier
Panzerjäger Mechanized Group
Construct Mechanized Kompanie
Fire Support Elements
Flakvierling Half-track
Selects Defensive Positions
Selects Butterfly Bomb Drop
Flakvierling Half-track
Tungsten Core Ammunition
Butterfly Bomb Drop
Marder III Tank Destroyer
Marder III Tank Destroyer
schuperman
koba (Monkey man)
Arturokq
L2oGUN
0
0
Comments
sign in to comment!
No comments posted yet!